 Dungeon Crawl Stone Soup version 0.30-a0-878-gc727b3d3d6 (webtiles) character file.

Game seed: 72614393733697521

3 AironDCSS the Shield-Bearer (level 1, -2/18 HPs)
             Began as a Human Fighter on Mar 12, 2023.
             Slain by a kobold
             ... wielding a +1 whip of electrocution
              (18 damage)
             ... on level 1 of the Dungeon.
             The game lasted 00:01:09 (230 turns).

AironDCSS the Shield-Bearer (Human Fighter)          Turns: 230, Time: 00:01:10

Health: -2/18      AC:  6    Str: 22    XL:     1   Next: 55%
Magic:  1/1        EV:  9    Int:  8    God:
Gold:   14         SH:  4    Dex: 12    Spells: 0/0 levels left

rFire   . . .      SeeInvis .    a - +0 long sword
rCold   . . .      Faith    .    c - +0 buckler
rNeg    . . .      Spirit   .    b - +0 scale mail
rPois   .          Reflect  .    (no helmet)
rElec   .          Rampage  .    (no cloak)
rCorr   .                        (no gloves)
Will    .....                    (no boots) Stlth
                                 (no amulet)
HPRegen 0.23/turn                f - +6 ring of strength
MPRegen 0.07/turn                (no ring)

@: no status effects
A: no striking features
a: no special abilities


You were on level 1 of the Dungeon.
You visited 1 branch of the dungeon, and saw 1 of its levels.

You collected 14 gold pieces.

Inventory:

Hand Weapons
 a - a +0 long sword (weapon)
Armour
 b - a +0 scale mail (worn)
 c - a +0 buckler (worn)
Jewellery
 f - a +6 ring of strength (left hand)
Potions
 d - a potion of might
 e - a potion of curing {unknown}


   Skills:
 + Level 3.0 Fighting
 + Level 2.0 Long Blades
 + Level 3.0 Armour
 + Level 3.0 Shields


You couldn't memorise any spells.
You didn't know any spells.
Your spell library was empty.

Dungeon Overview and Level Annotations

Branches:
Dungeon (1/15)

Altars:


Message History

A goblin comes into view. It is wielding a +0 dagger.
The goblin moves out of view.
The goblin hits you but does no damage. The goblin attacks as you move away!
The goblin barely misses you.
There is a stone staircase leading down here.
You closely miss the goblin. The goblin hits you but does no damage.
You hit the goblin.
You kill the goblin!
Things that are here:
a +0 dagger; a goblin corpse
Things that are here:
a +0 dagger; a goblin corpse
There is a stone staircase leading down here.
A bat comes into view.
The bat hits you but does no damage. The bat closely misses you.
The bat hits you but does no damage. You block the bat's attack.
The bat hits you but does no damage. The bat hits you but does no damage.
You miss the bat. The bat hits you but does no damage.
The bat barely misses you. You block the bat's attack.
The bat hits you but does no damage. The bat barely misses you.
The bat hits you but does no damage. The bat misses you.
The bat hits you but does no damage. x2
You miss the bat. The bat hits you. The bat hits you but does no damage.
The bat misses you.
You hit the bat but do no damage. The bat hits you but does no damage.
You hit the bat.
You kill the bat!
You see here a bat corpse.
A kobold comes into view.
It is wielding a +1 whip of electrocution.
The kobold shouts!
A bat comes into view.
The kobold hits you with a +1 whip of electrocution.
You barely miss the bat. The bat barely misses you.
The kobold hits you with a +1 whip of electrocution.
You are electrocuted!!
Ouch! That really hurt!
You die...

# ## # #. # ## #. .# .#
#####. .####. .#
#....K##...... .#
#####.####@...# §##
###.........b...# .8#
...###.####.#######
§######.###...†.........
.##........###...######.
.##.#....#..#..#....#
.##.#....##.)>...##.#
###.#....######..# .. #
#.#....# #..... ##


You could see a bat and a kobold.

Vanquished Creatures
  A bat (D:1)
  An endoplasm (D:1)
  A goblin (D:1)
3 creatures vanquished.

Notes
Turn   | Place    | Note
-------+----------+-------------------------------------------
     0 | D:1      | AironDCSS the Human Fighter began the quest for the Orb.
     0 | D:1      | Reached XP level 1. HP: 18/18 MP: 1/1
   230 | D:1      | Slain by a kobold

Illustrated notes

Levels and vault maps discovered:
D:1:      heliophobic_arrival_dark_side_of_the_moon, layout_basic, serial_shops,
          shop, shapermc_ecumenical_altar_hornbeckon

Action                     || total
---------------------------++-------
  Melee: Long sword        ||     9
 Armour: Scale mail        ||    13
  Dodge: Dodged            ||     8
  Block: Buckler           ||     2

Table legend: (Time is in decaauts)
 A = Elapsed time spent in this place.
 B = Non-inter-level travel time spent in this place.
 C = Inter-level travel time spent in this place.
 D = Time resting spent in this place.
 E = Time spent auto-exploring this place.
 F = Levels seen in this place.
 G = Mean time per level.
                   A        B        C        D        E       F      G
               +--------+--------+--------+--------+--------+-----+--------+
         Total |    232 |    232 |      0 |      0 |      0 |   1 |  232.0 |
       Dungeon |    232 |    232 |      0 |      0 |      0 |   1 |  232.0 |
               +--------+--------+--------+--------+--------+-----+--------+

Top non-repeatable levels by time:
     D:1: 232 daAuts
